Unix NetHack Version 5.0.0-0 post-release - last build May 17 2026 04:57:42 (dc50c8380fa5e20985bfe3072449f57b8d9895ef,branch:main).

Game began 2026-05-18 17:25:48, ended 2026-05-18 17:35:45.

ArrBianca, lawful female dwarven Archeologist

                                                               #
                                                            ---|-
                                                            |...|
                                                           #....|
                                                         ###|...|
                                 -------                 #  |...|
                           #u@###-.....|                   #....|
              ---------    #     |......##                 #-----
             %|..[....|    #     |.....| #    #            #
             )).<.....|    #     |.....| #   -.---        ##
              |.......-#####     ------- ####|.{.|      ###
              ---------                     #|...|#######
                                            #....-#
                                             -----

ArrBianca the Field Worker  St:11 Dx:10 Co:13 In:15 Wi:16 Ch:9  Lawful
Dlvl:4  $:1653 HP:0(32) Pw:8(8) AC:9  Xp:4 T:1804 

Latest messages:
 You kill the fox!
 In what direction? h
 You aren't wielding a bow, so you throw your arrow by hand.
 In what direction? h
 You aren't wielding a bow, so you throw your arrow by hand.
 t - a scroll of scare monster (2 in total).
 There is an open door here.
 You see here a fox corpse.
 You miss the homunculus.
 The homunculus bites!
 You are put to sleep by the homunculus!
 The homunculus bites!
 The homunculus bites!
 The homunculus bites!
 The homunculus bites!
 You wake up.
 In what direction? h
 You aren't wielding a bow, so you throw your arrow by hand.
 The arrow misses the homunculus.
 In what direction? l
 You aren't wielding a bow, so you throw your arrow by hand.
 The homunculus bites!
 k - an arrow (in quiver) (35 in total).
 You lash the homunculus.
 The homunculus bites!
 You lash the homunculus.
 The homunculus bites!
 You miss the homunculus.
 The homunculus bites!
 You lash the homunculus.
 The homunculus bites!
 You kill the homunculus!
 You see here a homunculus corpse.
 The pony kicks!
 The pony bites!
 What do you want to throw? [$k or ?*] d
 In what direction? h
 The pony seems more amiable.
 The food ration misses the pony.
 What do you want to use or apply? [ae-i or ?*] f
 There is a homunculus corpse here; tin it? [ynq] (n) y
 D - a tin of homunculus meat.
 d - an uncursed food ration (2 in total).
 In what direction? h
 You aren't wielding a bow, so you throw your arrow by hand.
 The arrow misses the pony.
 The pony neighs!
 The pony kicks!
 You die...
 Do you want your possessions identified? [ynq] (y) q

Inventory:
 Coins    ('$')
  $ - 1653 gold pieces
 Amulets  ('"')
  x - an uncursed amulet versus poison
 Weapons  (')')
  k - 34 +0 arrows (in quiver)
  a - a +2 bullwhip (weapon in right hand)
 Armor    ('[')
  c - an uncursed +0 fedora (being worn)
  z - an uncursed +0 dwarvish cloak (being worn)
  b - an uncursed +0 leather jacket (being worn)
 Comestibles  ('%')
  i - a cursed cream pie
  d - 2 uncursed food rations
  D - an uncursed homemade tin of homunculus meat
  o - 2 uncursed homemade tins of jackal meat
  j - a cursed homemade tin of lichen
  v - an uncursed homemade tin of yellow mold
  B - an uncursed tin of dried newt meat
  q - an uncursed tin of french fried jackal meat
 Scrolls  ('?')
  t - 2 uncursed scrolls of scare monster
 Potions  ('!')
  w - an uncursed potion of enlightenment
  m - a blessed potion of fruit juice
  r - an uncursed potion of object detection
  y - an uncursed potion of sickness
 Tools    ('(')
  h - an empty uncursed sack
  e - a +0 pick-axe (alternate weapon; not wielded)
  f - a tinning kit (0:51)
 Gems/Stones  ('*')
  g - an uncursed touchstone

ArrBianca the Archeologist's attributes:

Background:
 You were a Field Worker, a level 4 female dwarven Archeologist.
 You were lawful, nominally on a mission for Quetzalcoatl
 who was opposed by Camaxtli (neutral) and Huhetotl (chaotic).
 You were right-handed.
 You were in the Dungeons of Doom, on level 4.
 You entered the dungeon 1804 turns ago.
 There was a new moon in effect when your adventure ended.
 You had 104 experience points, 56 more were needed to attain level 5.

Basics:
 You had 0 out of 32 hit points.
 You had all 8 energy points (spell power).
 Your armor class was 9.
 Your wallet contained 1653 zorkmids.
 Autopickup was on for '$?!/="+%' plus thrown, with exceptions.

Final Characteristics:
 Your strength was 11 (limit:18/100).
 Your dexterity was 10 (limit:20).
 Your constitution was 13 (limit:20).
 Your intelligence was 15 (limit:16).
 Your wisdom was 16 (limit:16).
 Your charisma was 9 (limit:16).

Final Status:
 You weren't hungry.
 You were unencumbered.
 You were wielding a whip.
 You had basic skill with whip.

Final Attributes:
 You were devoutly aligned.
 Your items were somewhat protected from fire.
 Your items were somewhat protected from cold.
 You had automatic searching.
 You had infravision.
 You were warded.
 You were lucky.
 You are dead.

Miscellaneous:
 You didn't encounter any bones levels.
 Total elapsed playing time was 9 minutes and 57 seconds.

Major events:
 Turn
    1: ArrBianca the lawful female dwarven Archeologist entered the dungeon
  958: attained the rank of Field Worker (level 3)
 1804: killed by a pony

You didn't know any spells.

Skills:
 Fighting Skills
   bare handed combat [Unskilled]
   two weapon combat  [Unskilled]
   riding             [Unskilled]
 Weapon Skills
   dagger             [Unskilled]
   knife              [Unskilled]
   pick-axe           [Basic]
   short sword        [Unskilled]
   saber              [Unskilled]
   club               [Unskilled]
   quarterstaff       [Unskilled]
   sling              [Unskilled]
   dart               [Unskilled]
   boomerang          [Unskilled]
   whip               [Basic]
   unicorn horn       [Unskilled]
 Spellcasting Skills
   attack spells      [Unskilled]
   healing spells     [Unskilled]
   divination spells  [Unskilled]
   matter spells      [Unskilled]

Voluntary challenges:
 Character rerolling was not enabled.
 You were an atheist.
 You never had a pet.
 You never genocided any monsters.
 You never polymorphed an object.
 You never changed form.
 You used no wishes.
Achievements:
 You entered a shop.
 You attained the rank of Field Worker.

 The Dungeons of Doom: levels 1 to 4
    Level 1:
       A sink.
    Level 2:
       A food shop, a fountain, a grave.
    Level 3:
       A fountain, a sink.
    Level 4: <- You were here.
       A fountain.
       Final resting place for
          you, killed by a pony.


Vanquished creatures:
  a shrieker
  2 floating eyes
  a homunculus
  a kobold leader
 an iguana
  a gas spore
  2 giant rats
  a yellow mold
  5 garter snakes
  4 jackals
  2 foxes
  a sewer rat
  7 grid bugs
  a bat
  a lichen
  3 newts
34 creatures vanquished.

No species were genocided or became extinct.

Game over:
                       ----------
                      /          \
                     /    REST    \
                    /      IN      \
                   /     PEACE      \
                  /                  \
                  |    ArrBianca     |
                  |     1653 Au      |
                  | killed by a pony |
                  |                  |
                  |                  |
                  |                  |
                  |       2026       |
                 *|     *  *  *      | *
        _________)/\\_//(\/(/\)/\//\/|_)_______

Goodbye ArrBianca the Archeologist...

You died in The Dungeons of Doom on dungeon level 4 with 2054 points,
and 1653 pieces of gold, after 1804 moves.
You were level 4 with a maximum of 32 hit points when you died.

